 Dungeon Crawl Stone Soup version 0.27-a0-1502-g47ed6a6988 (webtiles) character file.

Game seed: 9422684514419931552

6 Tocho the Skirmisher (level 1, -2/19 HPs)
             Began as a Palentonga Fighter on July 8, 2021.
             Slain by a gnoll (6 damage)
             ... on level 1 of the Dungeon.
             The game lasted 00:00:29 (177 turns).

Tocho the Skirmisher (Palentonga Fighter)            Turns: 177, Time: 00:00:30

Health: -2/19      AC:  7    Str: 19    XL:     1   Next: 75%
Magic:  1/1        EV:  3    Int:  8    God:
Gold:   20         SH:  8    Dex:  9    Spells: 0/0 levels left

rFire    . . .     SeeInvis +   a - +0 war axe
rCold    . . .     Faith    .   c - +0 kite shield
rNeg     . . .     Spirit   .   e - +0 chain mail
rPois    .         Reflect  .   (no helmet)
rElec    .         Harm     .   (no cloak)
rCorr    .         Rampage  .   (no gloves)
Will     .....                  (no barding)
Stlth    ..........             (no amulet)
HPRegen  0.06/turn              (no ring)
MPRegen  0.07/turn              (no ring)

@: no status effects
A: large, rugged brown scales 3, see invisible, deformed body, roll 1, armoured
tail
a: Rolling Charge


You were on level 1 of the Dungeon.
You visited 1 branch of the dungeon, and saw 1 of its levels.

You collected 20 gold pieces.

Inventory:

Hand Weapons
 a - a +0 war axe (weapon)
Armour
 b - a +0 scale mail
 c - a +0 kite shield (worn)
 e - a +0 chain mail (worn)
Scrolls
 g - a scroll of teleportation {unknown}
Potions
 d - a potion of might
 f - a potion of invisibility {unknown}


   Skills:
 + Level 3.0 Fighting
 * Level 2.0 Axes
 * Level 2.5 Armour
 * Level 2.6 Shields


You couldn't memorise any spells.
You didn't know any spells.
Your spell library was empty.

Dungeon Overview and Level Annotations

Branches:
Dungeon (1/15)

Altars:


Innate Abilities, Weirdness & Mutations

You are completely covered in rugged brown scales. (AC +3, +7% HP)
You have supernaturally acute eyesight. (SInv)
Armour fits poorly on your strangely shaped body.
You can roll at nearby foes to attack.
You have a long armoured tail.


Message History

You slash the gnoll!
The gnoll is almost dead.
You block the gnoll's attack.
You closely miss the gnoll.
The gnoll is almost dead.
You hit the endoplasm. You block the gnoll's attack. The endoplasm freezes you.
You are frozen.
The gnoll hits you with a +0 whip.
You are too injured to fight recklessly!
You are too injured to fight recklessly!
You are too injured to fight recklessly!
You are too injured to fight recklessly!
You are too injured to fight recklessly!
You are too injured to fight recklessly!
You are too injured to fight recklessly!
You are too injured to fight recklessly!
You are too injured to fight recklessly!
You are too injured to fight recklessly!
You are too injured to fight recklessly!
You are too injured to fight recklessly!
You are too injured to fight recklessly!
You are too injured to fight recklessly!
You are too injured to fight recklessly!
You are too injured to fight recklessly!
You are too injured to fight recklessly!
You are too injured to fight recklessly!
You are too injured to fight recklessly!
You see here a quokka corpse.
You barely miss the endoplasm.
You tail-slap the endoplasm, but do no damage.
The endoplasm is heavily wounded.
The endoplasm barely misses you. The endoplasm hits you.
You slash the endoplasm!
You kill the endoplasm!
The gnoll hits you with a +0 whip.
* * * LOW HITPOINT WARNING * * *
You barely miss the gnoll.
The gnoll is almost dead.
The gnoll hits you with a +0 whip.
You die...

..... #....#### ......
####....# ### #.....
#...#.### ... #.....#
#.......# ###
#......### ###...†.#
#........# #....#.♣#
.........# ##....#.#
.........#####...###.#
.........g@........#.#
##
...##..######......#.#
#. .. #..#
###.####.#####. . ...#
#............ ...#
#.###........ ..# ...
#.#####.# .# ... #.
#.# ....#. #.# #. #.#


You could see a gnoll.

Vanquished Creatures
  An endoplasm (D:1)
  A hobgoblin (D:1)
  A quokka (D:1)
  A bat (D:1)
  A frilled lizard (D:1)
  A kobold (D:1)
6 creatures vanquished.

Notes
Turn   | Place    | Note
-------+----------+-------------------------------------------
     0 | D:1      | Tocho the Palentonga Fighter began the quest for the Orb.
     0 | D:1      | Reached XP level 1. HP: 19/19 MP: 1/1
   177 | D:1      | Slain by a gnoll

Illustrated notes

Levels and vault maps discovered:
D:1:      dpeg_arrival_short_road, layout_loops_ring,
          kennysheep_decorative_pillar, hangedman_decor_push, st_stairs_3,
          minmay_misc_feat_cross

Action                   || total
-------------------------++-------
Melee: War axe           ||    13
       Tailslap          ||     2
Dodge: Dodged            ||     1
Block: Kite shield       ||     8

Table legend: (Time is in decaauts)
 A = Elapsed time spent in this place.
 B = Non-inter-level travel time spent in this place.
 C = Inter-level travel time spent in this place.
 D = Time resting spent in this place.
 E = Time spent auto-exploring this place.
 F = Levels seen in this place.
 G = Mean time per level.
                   A        B        C        D        E       F      G
               +--------+--------+--------+--------+--------+-----+--------+
         Total |    184 |    184 |      0 |      0 |    129 |   1 |  184.0 |
       Dungeon |    184 |    184 |      0 |      0 |    129 |   1 |  184.0 |
               +--------+--------+--------+--------+--------+-----+--------+

Top non-repeatable levels by time:
     D:1: 184 daAuts
